Map: Prion Terraces

Players

FlashCP

  • Race: Protoss Protoss
  • League: Silver

LilDicky - Winner!

  • Race: Zerg Zerg
  • League: Diamond

VOD

http://www.twitch.tv/tumescentpie

Description

Time

  • Played on: Nov. 25, 2015, 12:54 p.m.
  • Length: 15:47
Show
View Real Time Build Order
Export as new Build Order

FlashCP Protoss 

Build Orders: Double Forge 

Get SALT Encoding   

  12  0:02  Probe (Chrono Boost)  
  13  0:15  Pylon  
  13  0:18  Probe (Chrono Boost)  
  15  0:28  Probe (Chrono Boost)  
  15  0:35  Gateway  
  15  0:39  Probe (Chrono Boost)  
  16  0:45  Assimilator  
  16  0:51  Probe (Chrono Boost)  
  17  1:03  Probe (Chrono Boost)  
  18  1:14  Probe (Chrono Boost)  
  18  1:15  Assimilator  
  19  1:22  Zealot  
  19  1:25  Cybernetics Core  
  21  1:28  Pylon  
  21  1:37  Probe (Chrono Boost)  
  22  1:47  Gateway  
  22  1:53  Zealot (Chrono Boost)  
  24  2:01  Warp Gate (Chrono Boost)  
  24  2:09  Mothership Core  
  24  2:31  Gateway x2  
  24  2:37  Stalker  
  24  2:40  Probe  
  27  2:52  Stalker  
  27  2:55  Probe  
  28  3:20  Zealot  
  30  3:40  Pylon  
  30  3:48  Pylon  
  30  3:59  Sentry x2  
  30  4:00  Zealot x2  
  38  4:12  Probe  
  39  4:19  Robotics Facility  
  39  4:21  Forge  
  39  4:22  Forge  
  39  4:28  Zealot x2  
  43  4:31  Stalker  
  45  4:42  Stalker  
  47  4:57  Pylon  
  47  4:58  Protoss Ground Weapons Level 1 (Chrono Boost)  
  47  5:12  Pylon  
  47  5:13  Protoss Ground Armor Level 1 (Chrono Boost)  
  47  5:15  Observer  
  48  5:41  Zealot x3  
  48  5:42  Zealot  
  56  6:13  Zealot x3  
  62  6:44  Nexus  
  62  6:46  Pylon  
  62  6:49  Photon Cannon  
  62  6:53  Photon Cannon  
  61  7:09  Stalker  
  61  7:10  Stalker x2  
  67  7:48  Zealot x3  
  65  8:24  Probe  
  66  8:31  Probe  
  67  8:35  Probe  
  68  8:53  Probe  
  68  8:55  Probe  
  70  9:07  Warp Prism  
  72  9:12  Probe  
  72  9:13  Probe, Nexus  
  72  9:15  Pylon  
  74  9:26  Probe  
  74  9:27  Probe  
  75  9:36  Pylon  
  75  9:58  Stalker x4  
  83  10:02  Gateway  
  83  10:03  Gateway  
  83  10:05  Gateway  
  78  10:13  Photon Cannon x2  
  71  10:17  Probe  
  71  10:18  Probe  
  71  10:19  Photon Cannon  
  73  10:27  Probe  
  73  10:30  Probe  
  73  10:31  Photon Cannon  
  75  10:37  Photon Cannon  
  75  10:51  Stalker  
  75  10:52  Stalker  
  65  11:18  Stalker  
  65  11:19  Stalker x3  
  67  11:44  Stalker x5  
  71  12:11  Assimilator  
  71  12:12  Assimilator  
  71  12:24  Nexus  
  71  12:28  Pylon  
  71  12:41  Stargate  
  71  12:43  Stargate  
  71  12:45  Protoss Air Weapons Level 1 (Chrono Boost)  
  71  12:49  Stalker  
  71  12:50  Stalker  
  75  12:51  Stalker  
  75  12:55  Stalker  
  73  13:27  Phoenix  
  73  13:28  Phoenix  
  73  13:32  Probe  
  77  13:36  Probe  
  79  13:42  Probe  
  79  13:43  Probe  
  81  13:48  Probe  
  73  13:56  Pylon  
  67  14:11  Phoenix x2 (Chrono Boost)  
  58  14:30  Photon Cannon  
  58  14:37  Photon Cannon  
Show
View Real Time Build Order
Export as new Build Order

LilDicky Zerg - Winner!

Build Orders: Pool First 

Get SALT Encoding   

  12  0:02  Drone  
  13  0:23  Spawning Pool  
  13  0:26  Drone  
  13  0:31  Extractor  
  13  0:34  Drone  
  13  0:40  Drone  
  14  0:45  Overlord  
  14  0:57  Drone, Extractor  
  15  1:14  Zergling x4  
  15  1:18  Queen  
  19  1:35  Metabolic Boost  
  19  1:37  Drone x2  
  21  1:49  Zergling x2  
  22  2:02  Overlord  
  22  2:08  Zergling x2, Extractor  
  21  2:23  Zergling x2  
  21  2:28  Zergling x2  
  21  2:29  Zergling x6  
  26  2:38  Zergling x2  
  27  2:47  Hatchery  
  27  2:51  Zergling x2  
  27  3:04  Overlord  
  27  3:05  Queen  
  23  3:36  Drone  
  23  3:37  Drone x3, Extractor  
  26  3:48  Drone x3  
  29  4:02  Drone x2  
  31  4:04  Drone  
  32  4:23  Extractor  
  32  4:24  Extractor  
  30  4:25  Spine Crawler  
  30  4:26  Spine Crawler  
  30  4:27  Spine Crawler  
  30  4:30  Spore Crawler  
  26  4:40  Drone x3  
  26  4:41  Drone x4  
  33  4:58  Queen  
  35  5:09  Lair  
  35  5:11  Drone  
  35  5:12  Drone x5  
  41  6:00  Roach Warren  
  41  6:02  Hatchery  
  41  6:04  Overlord x3  
  39  6:10  Spine Crawler  
  38  6:12  Spine Crawler  
  37  6:21  Spine Crawler x2  
  37  6:22  Spine Crawler  
  32  6:43  Roach x5  
  32  6:44  Roach x3  
  22  7:20  Drone x3  
  22  7:21  Drone x4  
  28  7:28  Spire  
  27  7:32  Drone  
  27  7:33  Drone x2  
  20  8:42  Mutalisk  
  20  8:43  Mutalisk x5  
  32  9:02  Mutalisk x3  
  34  9:06  Hatchery  
  37  9:26  Overlord x2  
  37  9:43  Overlord  
  37  9:52  Mutalisk x2  
  37  9:53  Mutalisk  
  39  10:17  Mutalisk  
  39  10:18  Mutalisk x2  
  43  10:44  Mutalisk  
  43  10:45  Mutalisk x2  
  41  11:04  Mutalisk  
  41  11:18  Mutalisk  
  41  11:19  Mutalisk  
  43  11:32  Mutalisk  
  41  11:53  Drone  
  42  11:54  Drone x4  
  44  12:11  Mutalisk x3  
  50  12:19  Mutalisk  
  52  12:43  Spawning Pool  
  52  12:44  Drone x7  
  58  12:53  Mutalisk x3  
  56  13:15  Mutalisk  
  58  13:38  Zergling x2  
  58  13:39  Zergling x18  
  58  13:40  Overlord  
  58  13:41  Overlord  
  68  14:04  Zergling x8  
  68  14:05  Zergling x6  
  73  14:51  Overlord x2, Mutalisk  
  73  14:52  Mutalisk x3  
Tags
 
Add a new tag
Caveats
  • Supply blocks, unpowered buildings, or Contaminate may cause inaccurate times.
  • Supply counts are checked every 10 seconds.